 Dungeon Crawl Stone Soup version 0.31.0-11-ge490571c62 (webtiles) character file.

Game seed: 157168091834233063

82 qw the Shooter (level 4, 0/22 HPs)
             Began as a Spriggan Hunter on Feb 5, 2024.
             Succumbed to their own poison gas
             ... on level 2 of the Dungeon.
             The game lasted 00:00:34 (1568 turns).

qw the Shooter (Spriggan Hunter)                    Turns: 1568, Time: 00:00:34

Health: 0/22       AC:  2    Str:  7    XL:     4   Next: 21%
Magic:  5/5        EV: 20    Int: 10    God:
Gold:   111        SH:  5    Dex: 20    Spells: 3/3 levels left

rFire   . . .        a - +0 shortbow
rCold   . . .        (shield currently unavailable)
rNeg    . . .        c - +0 robe
rPois   .            (helmet restricted)
rElec   .            (no cloak)
rCorr   .            (gloves unavailable)
SInv    +            (boots unavailable)
Will    .....        b - amulet of reflection
Stlth   ++           (no ring)
HPRegen 0.23/turn    (no ring)
MPRegen 0.09/turn

%: reflection
@: lethally poisoned (0 -> -2), very quick
A: very small, no large weapons, unfitting armour, see invisible, speed 3
a: no special abilities


You were on level 2 of the Dungeon.
You visited 1 branch of the dungeon, and saw 2 of its levels.

You collected 111 gold pieces.


Innate Abilities, Weirdness & Mutations

You are very small and have problems with some larger weapons.
You are too small for most types of armour.
You have supernaturally acute eyesight. (SInv)
You cover ground extremely quickly. (Speed+++)


   Skills:
 - Level 1.5 Fighting
 - Level 5.0 Ranged Weapons
 + Level 4.6 Dodging
 - Level 1.5 Stealth


You had 3 spell levels left.
You didn't know any spells.
Your spell library was empty.

Inventory:

Hand Weapons
 a - a +0 shortbow (weapon)
Armour
 c - a +0 robe (worn)
Jewellery
 b - an amulet of reflection (around neck)
Potions
 d - a potion of heal wounds
 e - a potion of invisibility {unknown}
 f - a potion of brilliance {unknown}
 g - a potion of curing {unknown}

Dungeon Overview and Level Annotations

Branches:
Dungeon (2/15)

Altars:


Message History

As you read the scroll labelled KONUPP ALEKAS, it crumbles to dust.
It was a scroll of poison.
Done exploring.
What level of the Dungeon? (default 2, ? - help) Sorry, I don't know how to get there.
Enter note:
Enter note:
Enter note:
Enter note:
Enter note:
Enter note:
Enter note:
Enter note:
Enter note:
Enter note:
Enter note:
Enter note:
Enter note:
Enter note:
Enter note: You are engulfed in poison gas.
You are poisoned.
You feel very sick.
1560 ||| Stepping ~*~*~tactically~*~*~ (cloud).
You feel very sick.
There is a lethal amount of poison in your body!
You feel very sick.
There is a lethal amount of poison in your body!
You feel very sick.
There is a lethal amount of poison in your body!
You feel sick.
There is a lethal amount of poison in your body!
You feel sick.
There is a lethal amount of poison in your body!
You feel sick.
There is a lethal amount of poison in your body!
You feel sick.
There is a lethal amount of poison in your body!
You feel sick.
There is a lethal amount of poison in your body!
You die...

(.....# ......#
......#
......#########
###.#.........#
#.#########.# ###.#
#.#
..#.#########.#####
..#.#.........#¤@¤#
..#.#.#########0#.#
..#.#.# #¤#.#
..#.#.# #¤#.#
..#.#.#########0#.#
..#.#........)#0#.#
..#.#########.#0#.#
..............#0#.#
###.#..#..#...#.#.#


There were no monsters in sight!

Vanquished Creatures
  3 adders (D:2)
  3 ribbon worms (D:2)
  2 dart slugs (D:1)
  4 bats
  2 endoplasms
  4 giant cockroaches
  5 goblins (D:1)
  7 hobgoblins
  A kobold (D:1)
  A quokka (D:2)
  A ball python (D:2)
  3 frilled lizards
  5 rats
41 creatures vanquished.

Notes
Turn   | Place    | Note
-------+----------+-------------------------------------------
     0 | D:1      | qw the Spriggan Hunter began the quest for the Orb.
     0 | D:1      | Reached XP level 1. HP: 10/10 MP: 2/2
     0 | D:1      | 0 ||| qw: Version: 0.3-a-160-g6735b56
     0 | D:1      | 0 ||| qw: Game counter: 6334
     0 | D:1      | 0 ||| qw: Melee chars always use a shield: true
     0 | D:1      | 0 ||| qw: God list: Okawaru
     0 | D:1      | 0 ||| qw: Allow faded altars: false
     0 | D:1      | 0 ||| qw: Do Orc after clearing Dungeon:15 true
     0 | D:1      | 0 ||| qw: Do second Lair branch before Depths: true
     0 | D:1      | 0 ||| qw: Lair rune preference: random
     0 | D:1      | 0 ||| qw: Goals: Normal
     0 | D:1      | 0 ||| PLANNING D:1-11
    26 | D:1      | Reached skill level 3 in Dodging
    29 | D:1      | Found a faded altar of an unknown god.
    93 | D:1      | Reached XP level 2. HP: 14/14 MP: 3/3
   587 | D:1      | Reached XP level 3. HP: 18/18 MP: 4/4
   640 | D:1      | 640 ||| DRINKING 2 inky potions.
   641 | D:1      | 641 ||| DROPPING scroll of butterflies.
   958 | D:2      | Reached skill level 5 in Ranged Weapons
   963 | D:2      | Reached XP level 4. HP: 22/22 MP: 5/5
  1551 | D:2      | 1551 ||| READING scroll labelled HARODY KYIKLIRGH.
  1551 | D:2      | Identified a scroll of acquirement
  1551 | D:2      | 1551 ||| ACQUIRING amulet of reflection
  1551 | D:2      | Acquired an amulet of reflection
  1553 | D:2      | 1553 ||| UPGRADING to amulet of reflection.
  1558 | D:2      | 1558 ||| READING scroll labelled KONUPP ALEKAS.
  1560 | D:2      | 1560 ||| Stepping ~*~*~tactically~*~*~ (cloud).
  1564 | D:2      | HP: 4/22 [poisoned by you (poison gas)]
  1567 | D:2      | HP: 1/22 [poisoned by you (poison gas)]
  1568 | D:2      | Succumbed to their own poison gas

Levels and vault maps discovered:
D:1:      dpeg_arrival_simpleton_a, layout_basic,
          ebering_ecumenical_altar_sacrificial
D:2:      layout_basic

Skill      XL: |  1  2  3 |
---------------+----------+-----
Dodging        | 3 4 |  4.6
Ranged Weapons | 5 |  5.0
Fighting       | |  1.5
Stealth        | |  1.5

Action                     |  1- 3 |  4- 6 || total
---------------------------+-------+-------++-------
   Fire: Shortbow          |    97 |    17 ||   114
    Use: Potion            |     1 |       ||     1
         Scroll            |       |     2 ||     2
 Armour: Robe              |     6 |       ||     6
  Dodge: Dodged            |    12 |     1 ||    13

Table legend:
 A = Non-vault XP
 B = Vault XP
 C = Vault XP percentage of total XP
 D = Non-vault monster count
 E = Vault monster count
 F = Vault count percentage of total count
                 A         B        C        D         E       F
            +---------+---------+-------+---------+---------+-------
      Total |     118 |       0 |   0.0 |      41 |       0 |   0.0
            +---------+---------+-------+---------+---------+-------
        D:1 |      44 |       0 |   0.0 |      23 |       0 |   0.0
        D:2 |      74 |       0 |   0.0 |      18 |       0 |   0.0
            +---------+---------+-------+---------+---------+-------
